TOP OF THE 1ST |
Penquannock Overrated Jeter batting - Pitching for Kingston Iguanas : RHP Fernando Castillo
|
Pitching: RHP Fernando Castillo
|
|
Batting: RHB António Rodríguez
|
0-0: Foul Ball, location: 2F 0-1: Foul Ball, location: 2F 0-2: Ground out 6-3 (Groundball, 6)
|
Batting: SHB Caden Keith
|
0-0: Ball 1-0: Ground out 6-3 (Groundball, 6M)
|
Batting: LHB Roberto Trujillo
|
0-0: Ball 1-0: Ball 2-0: SOLO HOME RUN (Flyball, 9D), Distance : 379 ft
|
Batting: LHB Ron Robinson
|
0-0: Foul Ball, location: 2F 0-1: Ball 1-1: Ground out 4-3 (Groundball, 34)
|
Top of the 1st over - 1 run(s), 1 hit(s), 0 error(s), 0 left on base; Penquannock 1 - Kingston 0 |
BOTTOM OF THE 1ST |
Kingston Iguanas batting - Pitching for Penquannock Overrated Jeter : LHP Salvador Castro
|
Pitching: LHP Salvador Castro
|
|
Batting: RHB Tim Davis
|
0-0: Ball 1-0: Called Strike 1-1: Ball 2-1: Swinging Strike 2-2: Strikes out swinging
|
Batting: RHB Bill Crawley
|
0-0: Ball 1-0: Foul Ball, location: 2F 1-1: Foul Ball, location: 2F 1-2: Ball 2-2: Ball 3-2: Base on Balls
|
Batting: RHB Luis Aguilar
|
0-0: Foul Ball, location: 2F 0-1: Ball 1-1: SINGLE (Groundball, 34D) Bill Crawley to second Runner from 2nd tries for 3rd, SAFE, no throw or cutoff
|
Batting: RHB William Duncan
|
0-0: Called Strike 0-1: Ball 1-1: Swinging Strike 1-2: Ball 2-2: SINGLE (Line Drive, 56) Bill Crawley scores Luis Aguilar to second
|
Batting: LHB Billy Anderson
|
0-0: Foul Ball, location: 2F 0-1: Hit by Pitch Luis Aguilar to third William Duncan to second
|
Batting: LHB Dave Gordon
|
0-0: Ball 1-0: Called Strike 1-1: Fly out, F8 (Flyball, 8LM) Runner from 3rd tags up, SCORES, throw made
|
Batting: RHB Mike Johnson
|
0-0: Called Strike 0-1: Ball 1-1: Swinging Strike 1-2: Strikes out swinging
|
Bottom of the 1st over - 2 run(s), 2 hit(s), 0 error(s), 2 left on base; Penquannock 1 - Kingston 2 |
TOP OF THE 2ND |
Penquannock Overrated Jeter batting - Pitching for Kingston Iguanas : RHP Fernando Castillo
|
Batting: LHB Pete Weber
|
0-0: Called Strike 0-1: Swinging Strike 0-2: Fly out, F2 (Popup, 25F)
|
Batting: LHB Tony Green
|
0-0: Called Strike 0-1: Ball 1-1: Foul Ball, location: 2F 1-2: Ball 2-2: Foul Ball, location: 2F 2-2: Foul Ball, location: 2F 2-2: SOLO HOME RUN (Flyball, 9D), Distance : 379 ft
|
Batting: RHB Tim Hanson
|
0-0: Ball 1-0: Ball 2-0: Ground out 6-3 (Groundball, 6)
|
Batting: RHB Armando Pagán
|
0-0: Foul Ball, location: 2F 0-1: Ground out U3 (Groundball, 3)
|
Top of the 2nd over - 1 run(s), 1 hit(s), 0 error(s), 0 left on base; Penquannock 2 - Kingston 2 |
BOTTOM OF THE 2ND |
Kingston Iguanas batting - Pitching for Penquannock Overrated Jeter : LHP Salvador Castro
|
Batting: LHB Juan Romero
|
0-0: Called Strike 0-1: Ball 1-1: Foul Ball, location: 2F 1-2: Ball 2-2: Foul Ball, location: 2F 2-2: Strikes out swinging
|
Batting: RHB Bobby Armstrong
|
0-0: Ball 1-0: Foul Ball, location: 2F 1-1: Called Strike 1-2: Ground out 6-3 (Groundball, 6M)
|
Batting: RHB Tim Davis
|
0-0: SOLO HOME RUN (Flyball, 7D), Distance : 375 ft
|
Batting: RHB Bill Crawley
|
0-0: Ball 1-0: Ball 2-0: SINGLE (Line Drive, 34)
|
Pitching: RHP Joaquín Rojas
|
|
Batting: RHB Luis Aguilar
|
0-0: Ball 1-0: Ball Bill Crawley is caught stealing 2nd base
|
Bottom of the 2nd over - 1 run(s), 2 hit(s), 0 error(s), 0 left on base; Penquannock 2 - Kingston 3 |
TOP OF THE 3RD |
Penquannock Overrated Jeter batting - Pitching for Kingston Iguanas : RHP Fernando Castillo
|
Batting: LHB Dave Pitts
|
0-0: Called Strike 0-1: SINGLE (Groundball, 34D) (infield hit)
|
Batting: RHB António Rodríguez
|
0-0: Fly out, F8 (Flyball, 8LS)
|
Batting: SHB Caden Keith
|
0-0: Ball 1-0: Ball 2-0: Fly out, F8 (Flyball, 8LM)
|
Batting: LHB Roberto Trujillo
|
0-0: Ball 1-0: Foul Ball, location: 2F 1-1: Ball 2-1: 2-RUN HOME RUN (Line Drive, 9D), Distance : 378 ft
|
Batting: LHB Ron Robinson
|
0-0: Ball 1-0: Ball 2-0: Called Strike 2-1: Ground out 4-3 (Groundball, 4M)
|
Top of the 3rd over - 2 run(s), 2 hit(s), 0 error(s), 0 left on base; Penquannock 4 - Kingston 3 |
BOTTOM OF THE 3RD |
Kingston Iguanas batting - Pitching for Penquannock Overrated Jeter : RHP Joaquín Rojas
|
Batting: RHB Luis Aguilar
|
0-0: Ball 1-0: Ball 2-0: Called Strike 2-1: Ground out 1-3 (Groundball, 15)
|
Batting: RHB William Duncan
|
0-0: Swinging Strike 0-1: Ball 1-1: Ball 2-1: DOUBLE (Line Drive, 8LM)
|
Batting: LHB Billy Anderson
|
0-0: Ball 1-0: Swinging Strike 1-1: Ball 2-1: Swinging Strike 2-2: Foul Ball, location: 2F 2-2: Foul Ball, location: 2F 2-2: Ball 3-2: Base on Balls
|
Batting: LHB Dave Gordon
|
0-0: Called Strike 0-1: Ball 1-1: Ball 2-1: SINGLE (Groundball, 56D) - runner OUT being hit by batted ball. Billy Anderson to second
|
Batting: RHB Mike Johnson
|
0-0: Called Strike 0-1: Foul Ball, location: 2F 0-2: Strikes out looking
|
Bottom of the 3rd over - 0 run(s), 2 hit(s), 0 error(s), 2 left on base; Penquannock 4 - Kingston 3 |
TOP OF THE 4TH |
Penquannock Overrated Jeter batting - Pitching for Kingston Iguanas : RHP Fernando Castillo
|
Batting: LHB Pete Weber
|
0-0: Called Strike 0-1: Fly out, F7 (Flyball, 7D)
|
Batting: LHB Tony Green
|
0-0: Ball 1-0: Foul Ball, location: 2F 1-1: Ball 2-1: Ground out 4-3 (Groundball, 4)
|
Batting: RHB Tim Hanson
|
0-0: Called Strike 0-1: Ball 1-1: Fly out, F3 (Line Drive, 3S)
|
Top of the 4th over - 0 run(s), 0 hit(s), 0 error(s), 0 left on base; Penquannock 4 - Kingston 3 |
BOTTOM OF THE 4TH |
Kingston Iguanas batting - Pitching for Penquannock Overrated Jeter : RHP Joaquín Rojas
|
Batting: LHB Juan Romero
|
0-0: Ball 1-0: Swinging Strike 1-1: Ball 2-1: Called Strike 2-2: Foul Ball, location: 2F 2-2: Foul Ball, location: 2F 2-2: Strikes out looking
|
Batting: RHB Bobby Armstrong
|
0-0: Ball 1-0: Swinging Strike 1-1: Ball 2-1: Swinging Strike 2-2: Ball 3-2: Strikes out swinging
|
Batting: RHB Tim Davis
|
0-0: Ball 1-0: Ground out 6-3 (Groundball, 56)
|
Bottom of the 4th over - 0 run(s), 0 hit(s), 0 error(s), 0 left on base; Penquannock 4 - Kingston 3 |
TOP OF THE 5TH |
Penquannock Overrated Jeter batting - Pitching for Kingston Iguanas : RHP Fernando Castillo
|
Batting: RHB Armando Pagán
|
0-0: Called Strike 0-1: Ball 1-1: Ball 2-1: Foul Ball, location: 2F 2-2: Foul Ball, location: 2F 2-2: Foul Ball, location: 2F 2-2: Ball 3-2: Strikes out swinging
|
Batting: LHB Dave Pitts
|
0-0: Ball 1-0: Fly out, F6 (Popup, 7S)
|
Batting: RHB António Rodríguez
|
0-0: Foul Ball, location: 2F 0-1: Ground out 6-3 (Groundball, 6)
|
Top of the 5th over - 0 run(s), 0 hit(s), 0 error(s), 0 left on base; Penquannock 4 - Kingston 3 |
BOTTOM OF THE 5TH |
Kingston Iguanas batting - Pitching for Penquannock Overrated Jeter : RHP Joaquín Rojas
|
Batting: RHB Bill Crawley
|
0-0: DOUBLE (Flyball, 8LXD)
|
Batting: RHB Luis Aguilar
|
0-0: Ball 1-0: Ball 2-0: Foul Ball, location: 2F 2-1: Ball 3-1: Called Strike 3-2: Strikes out swinging
|
Batting: RHB William Duncan
|
0-0: Fly out, F7 (Flyball, 7LM)
|
Batting: LHB Billy Anderson
|
0-0: Ball 1-0: Reached on error, E4 (Groundball, 4) Bill Crawley scores
|
Batting: LHB Dave Gordon
|
0-0: Ball 1-0: Ground out 1-3 (Groundball, 15)
|
Bottom of the 5th over - 1 run(s), 1 hit(s), 1 error(s), 1 left on base; Penquannock 4 - Kingston 4 |
TOP OF THE 6TH |
Penquannock Overrated Jeter batting - Pitching for Kingston Iguanas : RHP Fernando Castillo
|
Batting: SHB Caden Keith
|
0-0: Ball 1-0: Ball 2-0: Called Strike 2-1: SINGLE (Line Drive, 6D)
|
Batting: LHB Roberto Trujillo
|
0-0: Ball Caden Keith is caught stealing 2nd base 1-0: Ball 2-0: Ball 3-0: Base on Balls
|
Batting: LHB Ron Robinson
|
0-0: Fielders Choice at 2nd, U6 (Groundball, 6M)
|
Batting: LHB Pete Weber
|
0-0: Ball 1-0: Swinging Strike 1-1: Swinging Strike 1-2: 2-RUN HOME RUN (Flyball, 8LXD), Distance : 429 ft
|
Batting: LHB Tony Green
|
0-0: Called Strike 0-1: Ball 1-1: Called Strike 1-2: Ball 2-2: Ball 3-2: Base on Balls
|
Batting: RHB Tim Hanson
|
0-0: Ball 1-0: Ball Balk! Tony Green to second 2-0: DOUBLE (Flyball, 8RD) Tony Green scores
|
Pitching: RHP Guo-fang Juan
|
|
Batting: RHB Armando Pagán
|
0-0: Swinging Strike 0-1: Foul Ball, location: 2F 0-2: Strikes out swinging
|
Top of the 6th over - 3 run(s), 3 hit(s), 0 error(s), 1 left on base; Penquannock 7 - Kingston 4 |
BOTTOM OF THE 6TH |
Kingston Iguanas batting - Pitching for Penquannock Overrated Jeter : RHP Joaquín Rojas
|
Batting: RHB Mike Johnson
|
0-0: Ball 1-0: Called Strike 1-1: Ball 2-1: Foul Ball, location: 2F 2-2: Foul Ball, location: 2F 2-2: Ground out 5-3 (Groundball, 56S)
|
Batting: LHB Juan Romero
|
0-0: Called Strike 0-1: Called Strike 0-2: Ball 1-2: Ball 2-2: SOLO HOME RUN (Flyball, 89XD), Distance : 387 ft
|
Batting: RHB Bobby Armstrong
|
0-0: Ball 1-0: Fly out, F5 (Line Drive, 5)
|
Batting: RHB Tim Davis
|
0-0: Called Strike 0-1: Called Strike 0-2: Foul Ball, location: 2F 0-2: Ball 1-2: Foul Ball, location: 2F 1-2: SINGLE (Flyball, 4D)
|
Pitching: RHP Toshikuni Nishimura
|
|
Batting: RHB Bill Crawley
|
0-0: Ball 1-0: Foul Ball, location: 2F 1-1: Called Strike 1-2: Foul Ball, location: 2F 1-2: Strikes out swinging
|
Bottom of the 6th over - 1 run(s), 2 hit(s), 0 error(s), 1 left on base; Penquannock 7 - Kingston 5 |
TOP OF THE 7TH |
Penquannock Overrated Jeter batting - Pitching for Kingston Iguanas : RHP Guo-fang Juan
|
Batting: LHB Dave Pitts
|
0-0: Ball 1-0: DOUBLE (Line Drive, 7LS)
|
Batting: RHB António Rodríguez
|
0-0: Ball 1-0: Called Strike 1-1: Called Strike 1-2: Strikes out looking
|
Batting: SHB Caden Keith
|
0-0: Ball 1-0: Foul Ball, location: 2F 1-1: Ball 2-1: Foul Ball, location: 2F 2-2: Ball 3-2: 2-RUN HOME RUN (Line Drive, 7LD), Distance : 343 ft
|
Batting: LHB Roberto Trujillo
|
0-0: Called Strike 0-1: Ball 1-1: Ball 2-1: Ball 3-1: Foul Ball, location: 2F 3-2: Foul Ball, location: 2F 3-2: Base on Balls
|
Batting: LHB Ron Robinson
|
0-0: Ball 1-0: Ball 2-0: Ball 3-0: Base on Balls Roberto Trujillo to second
|
Batting: LHB Pete Weber
|
0-0: Called Strike 0-1: Fly out, F7 (Popup, 7LSF)
|
Batting: LHB Tony Green
|
0-0: Called Strike 0-1: Ball 1-1: Ball 2-1: Ball 3-1: Foul Ball, location: 2F 3-2: Strikes out swinging
|
Top of the 7th over - 2 run(s), 2 hit(s), 0 error(s), 2 left on base; Penquannock 9 - Kingston 5 |
BOTTOM OF THE 7TH |
Kingston Iguanas batting - Pitching for Penquannock Overrated Jeter : RHP Toshikuni Nishimura
|
Batting: RHB Luis Aguilar
|
0-0: SOLO HOME RUN (Line Drive, 89XD), Distance : 397 ft
|
Batting: RHB William Duncan
|
0-0: Swinging Strike 0-1: Ball 1-1: Foul Ball, location: 2F 1-2: Ground out 5-3 (Groundball, 5S)
|
Batting: LHB Billy Anderson
|
0-0: Reached on error, E6 (Groundball, 6)
|
Batting: LHB Dave Gordon
|
0-0: Called Strike 0-1: Foul Ball, location: 2F 0-2: Fly out, F6 (Popup, 56D)
|
Batting: RHB Mike Johnson
|
0-0: Ball Wild Pitch! Billy Anderson to third 1-0: Ball 2-0: DOUBLE (Groundball, 5L) Billy Anderson scores
|
Batting: LHB Juan Romero
|
0-0: Ball 1-0: SINGLE (Line Drive, 7S) Mike Johnson to third
|
Pinch Hitting: LHB Poto Vasilini
|
0-0: Ball 1-0: Called Strike 1-1: Ball 2-1: Ball 3-1: Foul Ball, location: 2F 3-2: Strikes out looking
|
Bottom of the 7th over - 2 run(s), 3 hit(s), 1 error(s), 2 left on base; Penquannock 9 - Kingston 7 |
TOP OF THE 8TH |
Penquannock Overrated Jeter batting - Pitching for Kingston Iguanas : RHP Guo-fang Juan
|
Pitching: RHP Jesús Gonzáles
|
|
Now at 3B: Ken MacDonald
|
|
Batting: RHB Tim Hanson
|
0-0: SINGLE (Line Drive, 8LS)
|
Batting: RHB Armando Pagán
|
0-0: Ball Wild Pitch! Tim Hanson to second 1-0: Ground out 6-3 (Groundball, 6)
|
Batting: LHB Dave Pitts
|
0-0: Intentional Walk
|
Pinch Hitting: LHB Matt Reese
|
0-0: Ball 1-0: Foul Ball, location: 2F 1-1: Ball 2-1: Ball 3-1: Foul Ball, location: 2F 3-2: Foul Ball, location: 2F 3-2: 3-RUN HOME RUN (Line Drive, 89XD), Distance : 394 ft
|
Batting: SHB Caden Keith
|
0-0: Foul Ball, location: 2F 0-1: Fly out, F6 (Popup, 6MD)
|
Batting: LHB Roberto Trujillo
|
0-0: Swinging Strike 0-1: Ball 1-1: Foul Ball, location: 2F 1-2: Ball 2-2: Ball 3-2: Foul Ball, location: 2F 3-2: Base on Balls
|
Batting: LHB Ron Robinson
|
0-0: SINGLE (Line Drive, 56) Roberto Trujillo to second
|
Batting: LHB Pete Weber
|
0-0: Foul Ball, location: 2F 0-1: DOUBLE (Line Drive, 78M) Roberto Trujillo scores Ron Robinson to third
|
Pinch Runner at 2nd Shi-fu Liu:
|
|
Batting: LHB Tony Green
|
0-0: Ball 1-0: Foul Ball, location: 2F 1-1: Foul Ball, location: 2F 1-2: SINGLE (Groundball, 34D) Ron Robinson scores Shi-fu Liu to third Runner from 3rd tries for Home, SAFE, no throw or cutoff
|
Batting: RHB Tim Hanson
|
0-0: Ball 1-0: Foul Ball, location: 2F 1-1: SINGLE (Groundball, 56D) Tony Green to second
|
Batting: RHB Armando Pagán
|
0-0: Foul Ball, location: 2F 0-1: Ball 1-1: Ball 2-1: Ball 3-1: Foul Ball, location: 2F 3-2: Ground out 4-3 (Groundball, 4M)
|
Top of the 8th over - 6 run(s), 6 hit(s), 0 error(s), 2 left on base; Penquannock 15 - Kingston 7 |
BOTTOM OF THE 8TH |
Kingston Iguanas batting - Pitching for Penquannock Overrated Jeter : RHP Toshikuni Nishimura
|
Now at 2B: Shi-fu Liu
|
|
Now at SS: Aaron Holt
|
|
Batting: RHB Tim Davis
|
0-0: Ball 1-0: Swinging Strike 1-1: Ball 2-1: Ball 3-1: Foul Ball, location: 2F 3-2: Base on Balls
|
Batting: RHB Bill Crawley
|
0-0: Called Strike 0-1: Ball 1-1: Swinging Strike 1-2: Foul Ball, location: 2F 1-2: Foul Ball, location: 2F 1-2: Strikes out swinging
|
Batting: RHB Luis Aguilar
|
0-0: Ball 1-0: Foul Ball, location: 2F 1-1: Ball 2-1: Ball 3-1: Base on Balls Tim Davis to second
|
Batting: RHB William Duncan
|
0-0: Called Strike 0-1: Ball 1-1: Ball 2-1: Foul Ball, location: 2F 2-2: Ball 3-2: Base on Balls Tim Davis to third Luis Aguilar to second
|
Batting: LHB Billy Anderson
|
0-0: Ball 1-0: Called Strike 1-1: Called Strike 1-2: Foul Ball, location: 2F 1-2: Ball 2-2: Fielders Choice at 2nd, 4-6 (Groundball, 34) Tim Davis scores Luis Aguilar to third
|
Batting: LHB Dave Gordon
|
0-0: Fly out, F7 (Line Drive, 7M)
|
Bottom of the 8th over - 1 run(s), 0 hit(s), 0 error(s), 2 left on base; Penquannock 15 - Kingston 8 |
TOP OF THE 9TH |
Penquannock Overrated Jeter batting - Pitching for Kingston Iguanas : RHP Jesús Gonzáles
|
Pitching: RHP Robert Alexander
|
|
Batting: LHB Dave Pitts
|
0-0: Ball 1-0: Ball 2-0: Called Strike 2-1: SINGLE (Line Drive, 8LS)
|
Batting: RHB Aaron Holt
|
0-0: Sac Bunt - play at second, runner OUT! 5-6
|
Batting: SHB Caden Keith
|
0-0: Foul Ball, location: 2F 0-1: Ball 1-1: Called Strike 1-2: Ball 2-2: Fly out, F6 (Popup, 6)
|
Batting: LHB Roberto Trujillo
|
0-0: Ground out U3 (Groundball, 3L)
|
Top of the 9th over - 0 run(s), 1 hit(s), 0 error(s), 1 left on base; Penquannock 15 - Kingston 8 |
BOTTOM OF THE 9TH |
Kingston Iguanas batting - Pitching for Penquannock Overrated Jeter : RHP Toshikuni Nishimura
|
Batting: RHB Mike Johnson
|
0-0: Called Strike 0-1: Ball 1-1: SINGLE (Line Drive, 78S)
|
Batting: LHB Juan Romero
|
0-0: Ball Wild Pitch! Mike Johnson to second 1-0: Ground out 6-3 (Groundball, 6) Mike Johnson to third
|
Batting: RHB Ken MacDonald
|
0-0: SINGLE (Line Drive, 34) Mike Johnson scores
|
Batting: RHB Tim Davis
|
0-0: Ball 1-0: Called Strike 1-1: Ball 2-1: SINGLE (Groundball, 4MD) Ken MacDonald to second
|
Batting: RHB Bill Crawley
|
0-0: Fly out, F8 (Flyball, 8RD) Runner from 2nd tags up, SAFE at 3rd, no throw
|
Batting: RHB Luis Aguilar
|
0-0: Ball 1-0: Called Strike 1-1: Foul Ball, location: 2F 1-2: Ball 2-2: Fly out, F9 (Flyball, 9S)
|
Bottom of the 9th over - 1 run(s), 3 hit(s), 0 error(s), 2 left on base; Penquannock 15 - Kingston 9 |
|